 Dungeon Crawl Stone Soup version 0.30-a0-223-gcb0039aa0c (webtiles) character file.

Game seed: 10311749931435638733

235 qw the Chopper (level 6, -1/38 HPs)
             Began as a Gargoyle Fighter on Oct 9, 2022.
             Was an Initiate of Okawaru.
             Slain by a black bear (5 damage)
             ... on level 4 of the Dungeon.
             The game lasted 00:01:34 (3470 turns).

qw the Chopper (Gargoyle Fighter)                   Turns: 3470, Time: 00:01:35

Health: -1/38      AC: 18    Str: 21    XL:     6   Next: 5%
Magic:  6/6        EV:  7    Int:  9    God:    Okawaru [......]
Gold:   104        SH:  4    Dex:  9    Spells: 5/5 levels left

rFire   + . .      SeeInvis +    Y - +0 war axe
rCold   . . .      Faith    .    c - +0 buckler
rNeg    + . .      Spirit   .    j - +2 chain mail {rF+}
rPois   inf        Reflect  .    (no helmet)
rElec   +          Harm     .    m - +0 cloak
rCorr   +          Rampage  .    (no gloves)
Will    .....                    h - +1 pair of boots
Stlth   ..........               (no amulet)
HPRegen 0.26/turn                g - ring of the Evening {rCorr SInv}
MPRegen 0.10/turn                (no ring)

@: about to teleport
A: sickness immunity, AC +4, negative energy resistance 1, electricity
resistance, torment resistance 1, petrification resistance
a: Renounce Religion


You were on level 4 of the Dungeon.
You worshipped Okawaru.
Okawaru was noncommittal.
You visited 1 branch of the dungeon, and saw 4 of its levels.

You collected 146 gold pieces.
You spent 42 gold pieces at shops.


Innate Abilities, Weirdness & Mutations

You are immune to sickness and miasma.
Your stone body is resilient. (AC +4)
You are immune to poison.
You resist negative energy. (rN+)
You are resistant to electric shocks. (rElec)
You are resistant to unholy torment.
You are immune to petrification.


   Skills:
 - Level 4.1 Fighting
 + Level 5.2 Axes
 - Level 3.2 Armour
 - Level 3.2 Shields


You had 5 spell levels left.
You didn't know any spells.
Your spell library was empty.

Inventory:

Hand Weapons
 i - a +0 flail
 Y - a +0 war axe (weapon)
Missiles
 a - 3 boomerangs (quivered)
Armour
 c - a +0 buckler (worn)
 h - a +1 pair of boots (worn)
 j - a +2 chain mail of fire resistance (worn)
 m - a +0 cloak (worn)
Jewellery
 g - the ring of the Evening (left hand) {rCorr SInv}
   (You acquired it on level 3 of the Dungeon)

   [ring of see invisible]

   SInv:      It lets you see invisible.
   rCorr:     It protects you from acid and corrosion.
Scrolls
 b - a scroll of identify
Potions
 d - 2 potions of might
 f - a potion of degeneration {unknown}
 n - a potion of resistance {unknown}

Dungeon Overview and Level Annotations

Branches:
Dungeon (4/15)
 Temple: D:4-7

Altars:
Dithmenos
Okawaru
The Shining One

Shops:
D:3 (


Message History

The black bear is heavily wounded.
The black bear bites you.
The black bear claws you but does no damage.
The black bear claws you. The black bear barely misses you. x2
The black bear claws you.
You slash the black bear!
The black bear is almost dead.
The black bear goes berserk!
You hit the black bear.
The black bear is almost dead.
You block the black bear's attack.
The black bear claws you but does no damage.
The black bear claws you. The black bear barely misses you.
The black bear claws you but does no damage.
The black bear closely misses you.
You barely miss the black bear.
The black bear is almost dead.
The black bear barely misses you.
The black bear claws you but does no damage.
The black bear claws you. The black bear bites you! The black bear claws you.
The black bear claws you but does no damage.
You hit the black bear but do no damage.
The black bear is almost dead.
The black bear barely misses you.
The black bear claws you but does no damage. x2
The black bear bites you but does no damage.
The black bear closely misses you.
The black bear claws you but does no damage.
You barely miss the black bear.
The black bear is almost dead.
The black bear bites you but does no damage.
The black bear claws you. x2
The black bear bites you but does no damage.
The black bear claws you but does no damage. x2
3470 ||| READING scroll of teleportation.
As you read the scroll of teleportation, it crumbles to dust.
You feel strangely unstable.
The black bear bites you but does no damage.
The black bear claws you.
You die...

.....# #......
# ......# ..#
......# #...
....... ##...
.......
......##.......
#..@.......
##..h......
#..#....... ##.
......# #.
.....## #.
.....# #.
....... ..
.......


You could see a black bear (berserk).

Vanquished Creatures
  A hound (D:2)
  An orc wizard (D:2)
  8 adders
  4 worms
  2 dart slugs
  5 orcs (D:3)
  7 bats
  7 endoplasms
  2 giant cockroaches (D:2)
  5 goblins
  9 hobgoblins
  6 jackals (D:2)
  9 kobolds
  4 quokkas
  9 ball pythons
  6 frilled lizards
  7 rats
92 creatures vanquished.

Notes
Turn   | Place    | Note
-------+----------+-------------------------------------------
     0 | D:1      | qw the Gargoyle Fighter began the quest for the Orb.
     0 | D:1      | Reached XP level 1. HP: 14/14 MP: 1/1
     0 | D:1      | 0 ||| qw: Version: 0.2-a-17-g06abaee
     0 | D:1      | 0 ||| qw: Game counter: 2080
     0 | D:1      | 0 ||| qw: Always use a shield: true
     0 | D:1      | 0 ||| qw: God list: Okawaru
     0 | D:1      | 0 ||| qw: Allow faded altars: false
     0 | D:1      | 0 ||| qw: Do Orc after D:15 true
     0 | D:1      | 0 ||| qw: Do second Lair branch before Depths: true
     0 | D:1      | 0 ||| qw: Lair rune preference: random
     0 | D:1      | 0 ||| qw: Plans: Normal, Zot:1-4, God:TSO, Crypt, Tomb,
                  | Pan, Slime:5, Hells, Abyss, Orb
     0 | D:1      | 0 ||| PLANNING D:1-11
    30 | D:1      | Reached skill level 2 in Axes
    57 | D:1      | Found a faded altar of an unknown god.
   188 | D:1      | Reached XP level 2. HP: 15/19 MP: 2/2
   462 | D:1      | Reached skill level 3 in Axes
   518 | D:1      | 518 ||| Stepping ~*~*~tactically~*~*~ (stealth).
   521 | D:1      | Reached XP level 3. HP: 23/23 MP: 3/3
   679 | D:1      | 679 ||| Stepping ~*~*~tactically~*~*~ (stealth).
   684 | D:1      | 684 ||| Stepping ~*~*~tactically~*~*~ (stealth).
   685 | D:1      | 685 ||| Stepping ~*~*~tactically~*~*~ (stealth).
   846 | D:1      | 846 ||| UPGRADING to +0 chain mail.
   856 | D:1      | 856 ||| DROPPING +0 scale mail.
   857 | D:1      | 857 ||| UPGRADING to +0 pair of boots.
   862 | D:1      | 862 ||| READING scroll labelled YROCAQOPPO.
   863 | D:1      | 863 ||| READING 2 scrolls labelled OBEUWK TI WUSK.
   864 | D:1      | 864 ||| READING scroll labelled CONALL KIODD.
   865 | D:1      | 865 ||| DRINKING 2 coppery potions.
   866 | D:1      | 866 ||| DROPPING scroll of noise.
   929 | D:2      | 929 ||| DROPPING +0 club.
  1002 | D:2      | Found an iron altar of Okawaru.
  1003 | D:2      | 1003 ||| PLANNING OKAWARU WORSHIP
  1006 | D:2      | 1006 ||| FLEEEEING.
  1007 | D:2      | 1007 ||| FLEEEEING.
  1008 | D:2      | 1008 ||| FLEEEEING.
  1024 | D:2      | 1024 ||| FLEEEEING.
  1025 | D:2      | 1025 ||| FLEEEEING.
  1026 | D:2      | 1026 ||| FLEEEEING.
  1027 | D:2      | 1027 ||| FLEEEEING.
  1028 | D:2      | 1028 ||| FLEEEEING.
  1029 | D:2      | 1029 ||| FLEEEEING.
  1030 | D:2      | 1030 ||| FLEEEEING.
  1031 | D:2      | 1031 ||| FLEEEEING.
  1032 | D:2      | 1032 ||| FLEEEEING.
  1033 | D:2      | 1033 ||| FLEEEEING.
  1034 | D:2      | 1034 ||| FLEEEEING.
  1035 | D:2      | 1035 ||| FLEEEEING.
  1036 | D:2      | 1036 ||| FLEEEEING.
  1043 | D:2      | 1043 ||| STAIRDANCE
  1077 | D:2      | Became a worshipper of Warmaster Okawaru
  1078 | D:2      | 1078 ||| PLANNING D:1-11
  1234 | D:2      | 1234 ||| Stepping ~*~*~tactically~*~*~ (stealth).
  1235 | D:2      | 1235 ||| FLEEEEING.
  1236 | D:2      | 1236 ||| FLEEEEING.
  1238 | D:2      | 1238 ||| FLEEEEING.
  1239 | D:2      | 1239 ||| FLEEEEING.
  1240 | D:2      | 1240 ||| FLEEEEING.
  1241 | D:2      | 1241 ||| FLEEEEING.
  1351 | D:2      | Reached XP level 4. HP: 25/28 MP: 4/4
  1473 | D:2      | 1473 ||| Stepping ~*~*~tactically~*~*~ (stealth).
  1479 | D:2      | 1479 ||| Stepping ~*~*~tactically~*~*~ (stealth).
  1491 | D:2      | Reached skill level 4 in Axes
  1580 | D:2      | Reached XP level 5. HP: 23/32 MP: 5/5
  2272 | D:2      | 2272 ||| UPGRADING to +2 chain mail of fire resistance.
  2282 | D:2      | 2282 ||| DROPPING +0 chain mail.
  2283 | D:2      | 2283 ||| UPGRADING to +0 cloak.
  2288 | D:2      | 2288 ||| READING 2 scrolls labelled DOUMEHETOTS.
  2389 | D:2      | 2389 ||| READING scroll labelled HOUSES VUANU.
  2390 | D:2      | 2390 ||| READING scroll labelled GIOKUI QOUP.
  2394 | D:2      | 2394 ||| DRINKING 2 yellow potions.
  2395 | D:2      | 2395 ||| DROPPING scroll of silence.
  2461 | D:3      | 2461 ||| DROPPING +0 whip.
  2506 | D:3      | Reached skill level 5 in Axes
  2595 | D:3      | 2595 ||| Stepping ~*~*~tactically~*~*~ (stealth).
  2598 | D:3      | 2598 ||| Stepping ~*~*~tactically~*~*~ (stealth).
  2618 | D:3      | Found a glowing golden altar of the Shining One.
  2649 | D:3      | 2649 ||| Stepping ~*~*~tactically~*~*~ (stealth).
  2651 | D:3      | 2651 ||| Stepping ~*~*~tactically~*~*~ (stealth).
  2661 | D:3      | 2661 ||| DRINKING potion of curing.
  2661 | D:3      | 2661 ||| (to cure confusion)
  2678 | D:3      | 2678 ||| FLEEEEING.
  2679 | D:3      | 2679 ||| FLEEEEING.
  2680 | D:3      | 2680 ||| FLEEEEING.
  2681 | D:3      | 2681 ||| FLEEEEING.
  2684 | D:3      | 2684 ||| FLEEEEING.
  2685 | D:3      | 2685 ||| FLEEEEING.
  2687 | D:3      | 2687 ||| STAIRDANCE
  2689 | D:3      | 2689 ||| STAIRDANCE
  2691 | D:3      | 2691 ||| STAIRDANCE
  2697 | D:2      | HP: 6/32 [something/magic dart (6)]
  2700 | D:2      | 2700 ||| DRINKING potion of heal wounds.
  2708 | D:2      | HP: 8/32 [orc wizard/magic dart (4)]
  2816 | D:2      | 2816 ||| READING scroll labelled WIALAU USSOLAKH.
  2888 | D:3      | 2888 ||| READING scroll of enchant armour.
  2888 | D:3      | 2888 ||| ENCHANTING +0 pair of boots.
  2946 | D:3      | Found a shadowy altar of Dithmenos.
  3013 | D:3      | Found Koene's Weapon Shoppe.
  3021 | D:3      | 3021 ||| BUYING +0 flail (42 gold).
  3021 | D:3      | Bought a +0 flail for 42 gold pieces
  3021 | D:3      | 3021 ||| SHOPLISTING +0 mace "Gamigg" {protect, rCorr
                  | Str+2} (244 gold, have 84).
  3021 | D:3      | 3021 ||| DROPPING +1 hammer of draining.
  3157 | D:3      | Reached XP level 6. HP: 38/38 MP: 6/6
  3398 | D:3      | 3398 ||| READING scroll labelled XOGGAS ZINAU.
  3399 | D:3      | 3399 ||| READING scroll labelled RAZIPEUSAVU.
  3399 | D:3      | Identified a scroll of acquirement
  3399 | D:3      | 3399 ||| ACQUIRING ring of the Evening {rCorr SInv}
  3399 | D:3      | Acquired the ring of the Evening {rCorr SInv}
  3401 | D:3      | 3401 ||| UPGRADING to ring of the Evening {rCorr SInv}.
  3402 | D:3      | 3402 ||| DRINKING 2 clear potions.
  3403 | D:3      | 3403 ||| DROPPING potion of flight.
  3438 | D:4      | Noticed a black bear
  3442 | D:4      | 3442 ||| STAIRDANCE
  3469 | D:4      | HP: 9/38 [black bear (3)]
  3469 | D:4      | HP: 4/38 [black bear (5)]
  3470 | D:4      | 3470 ||| READING scroll of teleportation.
  3470 | D:4      | Slain by a black bear

Levels and vault maps discovered:
D:1:      minmay_arrival_stone_box, layout_basic,
          hellmonk_ecumenical_altar_pennies_from_heaven, minmay_tromino_i2
D:2:      minmay_razor_zed, layout_basic, basic_altar, grunt_ministairs_1
D:3:      layout_loops_ring, tso_altar, overflow_temple_1_default, serial_shops,
          shop, uniq_crazy_yiuf_cottage
D:4:      layout_cave_pools, mainiacjoe_overflow_brackets,
          minmay_temple_entry_mist

Skill      XL: |  1  2  3  4  5 |
---------------+----------------+-----
Axes           | 2 3 4 5 |  5.2
Fighting       | 4 |  4.1
Armour         | |  3.2
Shields        | |  3.2

Action                   |  1- 3 |  4- 6 || total
-------------------------+-------+-------++-------
Melee: War axe           |   114 |   199 ||   313
Throw: Boomerang         |       |    18 ||    18
  Use: Scroll            |     3 |     8 ||    11
       Potion            |     1 |     4 ||     5
Armor: Scale mail        |    36 |       ||    36
       Chain mail        |    25 |   154 ||   179
Dodge: Dodged            |    63 |    73 ||   136
Block: Buckler           |    12 |    33 ||    45

Table legend:
 A = Non-vault XP
 B = Vault XP
 C = Vault XP percentage of total XP
 D = Non-vault monster count
 E = Vault monster count
 F = Vault count percentage of total count
                 A         B        C        D         E       F
            +---------+---------+-------+---------+---------+-------
      Total |     249 |      87 |  25.9 |      78 |      14 |  15.2
            +---------+---------+-------+---------+---------+-------
        D:1 |      43 |       2 |   4.4 |      26 |       1 |   3.7
        D:2 |     128 |      85 |  39.9 |      32 |      13 |  28.9
        D:3 |      78 |       0 |   0.0 |      20 |       0 |   0.0
            +---------+---------+-------+---------+---------+-------
